Unix NetHack Version 5.0.0-0 post-release - last build May  4 2026 22:22:43 (774f63e81ad911689b3a0859ea89b322d5daca8d,branch:main).

Game began 2026-05-08 16:24:25, ended 2026-05-08 16:28:37.

2459832143, lawful male human Knight

                -- ---
              ---.--.---
              |........---
             --....G.....|
             |...........|
                -......<.|
                |-G....---
                -@...)--
             ...).-----
           -.....--
           -..GG.
          .......
        ........
      -......---
      --.--.
       -- --

2459832143 the Gallant   St:13 Dx:9 Co:12 In:8 Wi:16 Ch:17  Lawful
Dlvl:3  $:10 HP:0(16) Pw:4(4) AC:3  Xp:1 T:66 

Latest messages:
 Shall I pick character's race, role, gender and alignment for you? [ynaq] <space>
 [Lugh has chosen you to recover the Amulet of Yendor for Him.]
 Salutations 2459832143, welcome to NetHack!  You are a lawful male human Knight.
 You see here a chest.
 The goblin hits!
 The saddled pony hits the goblin.
 The goblin is killed!
 Hmmm, the chest turns out to be locked.
 This door is locked.
 This door is locked.
 This door is locked.
 This door is locked.
 This door is locked.
 You descend the stairs.
 You see here 10 gold pieces.
 $ - 10 gold pieces.
 You see here a swirly potion.
 i - a swirly potion.
 The door opens.
 The door resists!
 The door opens.
 You descend the stairs.
 The gnomish wizard drinks a dark potion!
 The gnomish wizard is suddenly moving faster.
 The gnome lord shoots an arrow!
 You are hit by an arrow!
 The gnome lord shoots an arrow!
 You are hit by an arrow!
 You hit the gnomish wizard.
 The gnomish wizard casts a spell at you!
 You get a slight headache.
 The gnome lord shoots an arrow!
 You are hit by an arrow!
 You die...
 Do you want your possessions identified? [ynq] (y) n
 Do you want to see your attributes? [ynq] (y) n
 Do you want an account of creatures vanquished? [ynq] (y) n
 Do you want to see your conduct and achievements? [ynq] (y) n
 Do you want to see the dungeon overview? [ynq] (y) n

Inventory:
 Coins    ('$')
  $ - 10 gold pieces
 Weapons  (')')
  a - a +1 long sword (weapon in right hand)
  b - a +1 lance (alternate weapon; not wielded)
 Armor    ('[')
  d - an uncursed +0 helmet (being worn)
  f - an uncursed +0 pair of leather gloves (being worn)
  e - an uncursed +0 small shield (being worn)
  c - an uncursed +1 ring mail (being worn)
 Comestibles  ('%')
  g - 12 uncursed apples
  h - 11 uncursed carrots
 Potions  ('!')
  i - an uncursed potion of gain level

2459832143 the Knight's attributes:

Background:
 You were a Gallant, a level 1 male human Knight.
 You were lawful, on a mission for Lugh
 who was opposed by Brigit (neutral) and Manannan Mac Lir (chaotic).
 You were right-handed.
 You were in the Gnomish Mines, on level 3.
 You entered the dungeon 66 turns ago.
 You had 0 experience points, 20 were needed to attain level 2.

Basics:
 You had 0 out of 16 hit points.
 You had all 4 energy points (spell power).
 Your armor class was 3.
 Your wallet contained 10 zorkmids.
 Autopickup was off.

Final Characteristics:
 Your strength was 13 (limit:18/100).
 Your dexterity was 9 (limit:18).
 Your constitution was 12 (limit:18).
 Your intelligence was 8 (limit:18).
 Your wisdom was 16 (limit:18).
 Your charisma was 17 (limit:18).

Final Status:
 You weren't hungry.
 You were unencumbered.
 You were wielding a long sword.
 You had basic skill with long sword.

Final Attributes:
 You were fervently aligned.
 You could jump.
 You were warded.
 You are dead.

Miscellaneous:
 You didn't encounter any bones levels.
 Total elapsed playing time was 4 minutes and 11 seconds.

Major events:
 Turn
    1: 2459832143 the lawful male human Knight entered the dungeon
   59: entered the Gnomish Mines
   66: killed by an arrow

You didn't know any spells.

Skills:
 Fighting Skills
   bare handed combat [Unskilled]
   two weapon combat  [Unskilled]
   riding             [Basic]
 Weapon Skills
   dagger             [Unskilled]
   knife              [Unskilled]
   axe                [Unskilled]
   pick-axe           [Unskilled]
   short sword        [Unskilled]
   broadsword         [Unskilled]
   long sword         [Basic]
   two-handed sword   [Unskilled]
   saber              [Unskilled]
   club               [Unskilled]
   mace               [Unskilled]
   morning star       [Unskilled]
   flail              [Unskilled]
   hammer             [Unskilled]
   polearms           [Unskilled]
   spear              [Unskilled]
   trident            [Unskilled]
   lance              [Basic]
   bow                [Unskilled]
   crossbow           [Unskilled]
 Spellcasting Skills
   attack spells      [Unskilled]
   healing spells     [Unskilled]
   clerical spells    [Unskilled]

Voluntary challenges:
 Character rerolling was not enabled.
 You went without food.
 You were an atheist.
 You were a pacifist.
 You were illiterate.
 You never genocided any monsters.
 You never polymorphed an object.
 You never changed form.
 You used no wishes.
Achievement:
 You entered the Gnomish Mines.

 The Dungeons of Doom: levels 1 to 2
    Level 1:
    Level 2:
       Stairs down to The Gnomish Mines.
 The Gnomish Mines:
    Level 3: <- You were here.
       Final resting place for
          you, killed by an arrow.


Vanquished creatures:
  a goblin

No species were genocided or became extinct.

Game over:
                       ----------
                      /          \
                     /    REST    \
                    /      IN      \
                   /     PEACE      \
                  /                  \
                  |    2459832143    |
                  |      10 Au       |
                  |   killed by an   |
                  |      arrow       |
                  |                  |
                  |                  |
                  |       2026       |
                 *|     *  *  *      | *
        _________)/\\_//(\/(/\)/\//\/|_)_______

Fare thee well 2459832143 the Knight...

You died in The Gnomish Mines on dungeon level 3 with 109 points,
and 10 pieces of gold, after 66 moves.
You were level 1 with a maximum of 16 hit points when you died.

